 Dungeon Crawl Stone Soup version 0.22-a0-348-gd16d139 (webtiles) character file.

2829 Amnesiac the Thrower (level 9, -8/63 HPs)
             Began as a Demonspawn Fighter on Apr 11, 2018.
             Was an Elder of Okawaru.
             Killed from afar by an electric eel (10 damage)
             ... with a bolt of electricity
             ... on level 7 of the Dungeon.
             The game lasted 00:07:47 (6133 turns).

Amnesiac the Thrower (Demonspawn Fighter)           Turns: 6133, Time: 00:07:48

Health: -8/63      AC: 10    Str: 20    XL:     9   Next: 45%
Magic:  9/9        EV: 10    Int: 10    God:    Okawaru [****..]
Gold:   256        SH:  4    Dex: 12    Spells: 8/8 levels left

rFire    . . .     SeeInvis .   l - +1 fustibalus (curse)
rCold    + . .     Gourm    .   q - +0 buckler
rNeg     . . .     Faith    .   r - +2 scale mail {rC+}
rPois    .         Spirit   .   k - +0 helmet
rElec    .         Reflect  .   (no cloak)
rCorr    .         Harm     .   y - +0 pair of gloves
MR       +....                  (no boots)
Stlth    ++........             (no amulet)
HPRegen  0.20/turn              e - ring of protection from magic
MPRegen  0.11/turn              B - +3 ring of slaying

@: invisible
A: talons 1, nightstalker 2, sturdy frame 3
a: Heroism, Renounce Religion


You were on level 7 of the Dungeon.
You worshipped Okawaru.
Okawaru was greatly pleased with you.
You were not hungry.

You visited 1 branch of the dungeon, and saw 7 of its levels.

You collected 256 gold pieces.

Inventory:

Hand Weapons
 a - a +0 long sword
 b - a +0 hunting sling
 l - a cursed +1 fustibalus (weapon)
 p - the +8 hand axe "Ivixtol" {venom, rPois rF+ rN+, unknown}
   (You found it on level 6 of the Dungeon)

   It poisons the flesh of those it strikes.
   It protects you from fire.
   It protects you from poison.
   It protects you from negative energy.
Missiles
 g - 62 poisoned needles
 n - 4 curare-tipped needles
 s - 3 poisoned tomahawks (quivered)
 x - 91 stones
Armour
 c - a +0 shield
 k - a +0 helmet (worn)
 q - a +0 buckler (worn)
 r - a +2 scale mail of cold resistance (worn)
 y - a +0 pair of gloves (worn)
Jewellery
 e - a ring of protection from magic (left hand)
 B - a +3 ring of slaying (right hand)
Scrolls
 m - a scroll of remove curse {!r}
 w - a scroll of teleportation {!r}
 C - 2 scrolls of enchant armour {!r}
Potions
 d - 2 potions of might {!q}
 h - a potion of degeneration {!q, unknown}
 i - a potion of heal wounds {!q, unknown}
 j - 2 potions of lignification {!q}
 o - a potion of mutation {!q}
 t - 2 potions of berserk rage {!q}
 u - a potion of haste {!q}
 v - 4 potions of flight {!q}
 A - a potion of ambrosia {!q}
Comestibles
 f - 12 rations


   Skills:
 - Level 3.0 Fighting
 - Level 1.7 Long Blades
 + Level 11.7 Throwing
 - Level 2.6 Armour
 - Level 2.6 Shields


You had 8 spell levels left.
You didn't know any spells.

Dungeon Overview and Level Annotations

Branches:
Dungeon (7/15)             Temple (0/1) D:4

Altars:
Cheibriados
Elyvilon
Fedhas
Gozag
Kikubaaqudgha
Nemelex Xobeh
Okawaru
Uskayaw
Vehumet
Wu Jian
The Shining One


Innate Abilities, Weirdness & Mutations

You have sharp toenails.
You are significantly more attuned to the shadows.
Your movements are significantly less encumbered by armour. (ER -6)


Message History

Unknown command.
Firing (i - inventory. (/) - cycle)
x - 92 stones (quivered)
Press: ? - help, Shift-Dir - straight line, f/p - electric eel
Aim: an electric eel You shoot a stone.
The stone misses the electric eel.
You hear a splash.
Unknown command.
Firing (i - inventory. (/) - cycle)
x - 91 stones (quivered)
Press: ? - help, Shift-Dir - straight line, f/p - electric eel
Aim: an electric eel Your line of fire to the electric eel is blocked by a plant.
Continue anyway?
Okay, then.
You start resting.
HP restored.
There is an open door here.
You aren't carrying any items that you can evoke.
Unknown command.
Firing (i - inventory. (/) - cycle)
x - 91 stones (quivered)
Press: ? - help, Shift-Dir - straight line, f/p - electric eel
Aim: an electric eel (water)
Okay, then.
Quiver which item? (- for none, * to show all) (? for menu, Esc to quit)
Quivering
s - 4 poisoned tomahawks for throwing.
There is an open door here.
Throwing (i - inventory. (/) - cycle)
s - 4 poisoned tomahawks (quivered)
Press: ? - help, Shift-Dir - straight line, f/p - electric eel
Aim: an electric eel
Okay, then.
The electric eel shoots out a bolt of lightning at you!
The bolt of electricity hits the plant.
The bolt of electricity hits you!
The electric eel shoots out a bolt of lightning at you!
The bolt of electricity hits you!
Throwing (i - inventory. (/) - cycle)
s - 4 poisoned tomahawks (quivered)
Press: ? - help, Shift-Dir - straight line, p - electric eel You can't see that place. [some deep water.]
Okay, then.
The electric eel shoots out a bolt of lightning at you!
The bolt of electricity hits you!
The electric eel shoots out a bolt of lightning at you!
The bolt of electricity hits the plant.
The bolt of electricity hits you!
Throwing (i - inventory. (/) - cycle)
s - 4 poisoned tomahawks (quivered)
Press: ? - help, Shift-Dir - straight line, f/p - electric eel
Aim: an electric eel You throw a poisoned tomahawk.
The poisoned tomahawk closely misses the electric eel.
You hear a splash.
The electric eel shoots out a bolt of lightning at you!
The bolt of electricity hits you!
* * * LOW HITPOINT WARNING * * *
Unknown command.
The electric eel shoots out a bolt of lightning at you!
The bolt of electricity hits you!
* * * LOW HITPOINT WARNING * * *
The electric eel shoots out a bolt of lightning at you!
The bolt of electricity hits the plant.
The bolt of electricity hits you!
* * * LOW HITPOINT WARNING * * *
Okay, then.
Okay, then.
Really quaff
z - a potion of invisibility {!q}?
You fade into invisibility!
The electric eel shoots out a bolt of lightning at you!
The bolt of electricity hits the plant.
The bolt of electricity hits you!
You die...

.......<..#...'..≈≈##............
#...####..##..#####≈######.......
#...####..##.##≈≈≈##≈....####..##
..........##.#≈≈(;≈######≈###..##
.............#.;;.!##≈≈≈##≈##....
...###....##.#$P..(#≈≈≈≈≈#≈##....
#+####....##.#P..P≈#.≈.).#≈#.....
....#.....#..#.....#[.P≈.#≈#.....
.>..'.....#..#..@..#P≈.PP#.##..##
##.###..#######'..##.....#.##..##
##.###..#####..#####.....#.##...#
#...........##..≈≈≈##'..##.##.[.'
#............#####≈).####≈##'...#
#............#######..≈≈≈####.)##
#............##..#########.##.[##
#................#..........'...#
##.###..###+###..#....##...##...#


You could see 3 electric eels.

Vanquished Creatures
  Grinder (D:6)
  2 steam dragons (D:6)
  Edmund (D:5)
  2 ice beasts (D:5)
  A sky beast (D:5)
  A phantom (D:5)
  An ogre (D:5)
  A big kobold (D:7)
  Blork the orc (D:5)
  A wyvern zombie (D:6)
  8 bullfrogs
  3 scorpions
  A wight (D:7)
  A howler monkey (D:4)
  3 electric eels (D:7)
  2 crimson imps (D:6)
  2 jellies
  A centaur skeleton (D:5)
  An orc priest (D:6)
  A bullfrog skeleton (D:4)
  2 orc wizards (D:4)
  2 iguanas
  5 worker ants
  A killer bee zombie (D:6)
  A hound zombie (D:6)
  3 hound skeletons
  A worker ant zombie (D:5)
  2 howler monkey skeletons
  9 adders
  2 shadow imps
  3 worms
  6 dart slugs
  A leopard gecko (D:3)
  27 orcs
  6 bats
  7 giant cockroaches
  5 goblins
  3 hobgoblins
  4 jackals (D:5)
  4 quokkas
  6 frilled lizards
  A giant cockroach zombie (D:6)
  10 kobolds
  7 rats
153 creatures vanquished.

Vanquished Creatures (others)
  An orc wizard (D:4)
1 creature vanquished.

Grand Total: 154 creatures vanquished

Notes
Turn   | Place    | Note
-------+----------+-------------------------------------------
     0 | D:1      | Amnesiac the Demonspawn Fighter began the quest for the Orb.
     0 | D:1      | Reached XP level 1. HP: 18/18 MP: 1/1
   185 | D:1      | Reached skill level 1 in Throwing
   205 | D:1      | Gained mutation: You have sharp toenails. [demonic ancestry]
   205 | D:1      | Reached XP level 2. HP: 21/24 MP: 2/2
   568 | D:1      | Reached skill level 2 in Throwing
   798 | D:2      | Gained mutation: You are slightly more attuned to the shadows. [demonic ancestry]
   798 | D:2      | Reached XP level 3. HP: 29/29 MP: 3/3
   851 | D:2      | Found a blossoming altar of Fedhas.
  1257 | D:3      | Found a radiant altar of Vehumet.
  1282 | D:3      | Reached skill level 3 in Throwing
  1356 | D:3      | Gained mutation: Your movements are slightly less encumbered by armour. (ER -2) [demonic ancestry]
  1356 | D:3      | Reached XP level 4. HP: 32/35 MP: 4/4
  1670 | D:3      | Found an iron altar of Okawaru.
  1726 | D:3      | Became a worshipper of Warmaster Okawaru
  1901 | D:3      | Found an ornate altar of the Wu Jian Council.
  2024 | D:4      | Reached skill level 4 in Throwing
  2038 | D:4      | Reached XP level 5. HP: 10/41 MP: 5/5
  2048 | D:4      | Found a staircase to the Ecumenical Temple.
  2424 | D:4      | Reached skill level 5 in Throwing
  2632 | D:4      | Found a hide-covered altar of Uskayaw.
  2632 | D:4      | Found a white marble altar of Elyvilon.
  2756 | D:4      | Gained mutation: You are significantly more attuned to the shadows. [demonic ancestry]
  2756 | D:4      | Reached XP level 6. HP: 42/47 MP: 6/6
  3246 | D:5      | Entered Level 5 of the Dungeon
  3253 | D:5      | Noticed an ice beast
  3256 | D:5      | Reached * piety under Okawaru
  3256 | D:5      | Reached skill level 6 in Throwing
  3261 | D:5      | Killed an ice beast
  3473 | D:5      | Noticed a sky beast
  3488 | D:5      | Killed a sky beast
  3488 | D:5      | Reached skill level 7 in Throwing
  3488 | D:5      | Reached XP level 7. HP: 37/52 MP: 7/7
  3557 | D:5      | Noticed Blork the orc
  3561 | D:5      | Killed Blork the orc
  3593 | D:5      | Reached ** piety under Okawaru
  3669 | D:5      | Reached skill level 8 in Throwing
  3853 | D:5      | Found an ancient bone altar of Kikubaaqudgha.
  3892 | D:5      | Gained mutation: Your movements are less encumbered by armour. (ER -4) [demonic ancestry]
  3892 | D:5      | Reached XP level 8. HP: 52/58 MP: 8/8
  3960 | D:5      | Noticed Edmund
  3967 | D:5      | Killed Edmund
  4107 | D:6      | Reached skill level 9 in Throwing
  4142 | D:6      | Found a glowing golden altar of the Shining One.
  4187 | D:6      | Reached *** piety under Okawaru
  4227 | D:6      | Noticed Grinder
  4238 | D:6      | Killed Grinder
  4273 | D:6      | Reached skill level 10 in Throwing
  4310 | D:6      | Got a smoking hand axe
  4548 | D:6      | Found an opulent altar of Gozag.
  4548 | D:6      | Found a sparkling altar of Nemelex Xobeh.
  4685 | D:6      | Gained mutation: Your movements are significantly less encumbered by armour. (ER -6) [demonic ancestry]
  4685 | D:6      | Reached XP level 9. HP: 25/63 MP: 9/9
  5029 | D:7      | Reached **** piety under Okawaru
  5056 | D:7      | Reached skill level 11 in Throwing
  5094 | D:7      | Found a snail-covered altar of Cheibriados.
  6132 | D:7      | HP: 2/63 [electric eel/bolt of electricity (6)]
  6133 | D:7      | Killed from afar by an electric eel

Vault maps used:
D:1:      saegor_arrival_simple_b
D:2:      fedhas_altar_4
D:3:      lemuel_coloured_pillars_altar, okawaru_gym_becter,
          nicolae_overflow_crystal_walls, first_ration
D:4:      gammafunk_temple_overflow_statue, minmay_temple_entry_poolview
D:5:      kennysheep_mini, uniq_edmund, uniq_blork_the_orc
D:6:      cheibrodos_steamvent, grunt_temple_overflow_opulence,
          lemuel_crystal_altar, uniq_grinder
D:7:      cheibrodos_two_vegetables, old_standard_altar

Skill      XL: |  1  2  3  4  5  6  7  8  9 |
---------------+----------------------------+-----
Throwing       | 1 2 3 4 5 7 8 10 11 | 11.7
Fighting       | |  3.0
Long Blades    | |  1.7
Armour         | |  2.6
Shields        | |  2.6

Action                   |  1- 3 |  4- 6 |  7- 9 || total
-------------------------+-------+-------+-------++-------
Melee: Long sword        |    69 |    93 |       ||   162
       Kick              |     9 |    28 |       ||    37
 Fire: Hunting sling     |    31 |       |       ||    31
       Fustibalus        |       |    83 |   285 ||   368
Throw: Tomahawk          |       |       |     2 ||     2
  Use: Scroll            |       |     8 |     7 ||    15
       Potion            |       |       |     1 ||     1
 Stab: Sleeping          |       |     1 |       ||     1
  Eat: Chunk             |     1 |     7 |     7 ||    15
       Ration            |       |       |     1 ||     1
Armor: Scale mail        |    37 |    78 |    55 ||   170
Dodge: Dodged            |    18 |    55 |    60 ||   133
Block: Shield            |    27 |       |       ||    27
       Buckler           |    10 |    35 |    21 ||    66
       Rpst.: Long sword |     5 |    12 |       ||    17

Table legend:
 A = Spawn XP
 B = Non-spawn XP
 C = Spawn XP percentage of total XP
 D = Spawn monster count
 E = Non-spawn monster count
 F = Spawn count percentage of total count
 G = Total turns spent on level
                    A         B        C        D         E        F      G
               +---------+---------+-------+---------+---------+-------+---------
         Total |       0 |    4042 |   0.0 |       0 |     154 |   0.0 |  6133
               +---------+---------+-------+---------+---------+-------+---------
           D:1 |       0 |      28 |   0.0 |       0 |      15 |   0.0 |   757
           D:2 |       0 |      39 |   0.0 |       0 |      13 |   0.0 |   497
           D:3 |       0 |      78 |   0.0 |       0 |      22 |   0.0 |   763
           D:4 |       0 |     382 |   0.0 |       0 |      30 |   0.0 |  1229
           D:5 |       0 |    1100 |   0.0 |       0 |      21 |   0.0 |   858
           D:6 |       0 |    1410 |   0.0 |       0 |      26 |   0.0 |   919
           D:7 |       0 |    1005 |   0.0 |       0 |      27 |   0.0 |  1110
               +---------+---------+-------+---------+---------+-------+---------
